Map: Base du roi Sejong EC

Players

Hugogole - Winner!

  • Race: Protoss Protoss
  • League: Silver
  • Spawn Location: 5:00

zidar

  • Race: Zerg Zerg
  • League: Gold
  • Spawn Location: 11:00

VOD

Have the link to the VOD?

Description

Time

  • Played on: June 12, 2016, 1:28 p.m.
  • Length: 7:40
Show
View Real Time Build Order
Export as new Build Order

Hugogole Protoss - Winner!

Build Orders:  

Get SALT Encoding   

  12  0:02  Probe (Chrono Boost)  
  13  0:12  Probe (Chrono Boost)  
  14  0:21  Pylon  
  14  0:23  Probe (Chrono Boost)  
  15  0:40  Probe (Chrono Boost)  
  16  0:46  Gateway  
  16  0:50  Probe (Chrono Boost)  
  17  1:01  Probe (Chrono Boost)  
  18  1:11  Probe (Chrono Boost)  
  18  1:12  Assimilator  
  18  1:14  Assimilator  
  18  1:16  Pylon  
  19  1:22  Probe (Chrono Boost)  
  20  1:32  Probe (Chrono Boost)  
  21  1:43  Probe (Chrono Boost)  
  21  1:46  Cybernetics Core  
  22  1:53  Probe (Chrono Boost)  
  23  2:04  Probe (Chrono Boost)  
  24  2:15  Probe (Chrono Boost)  
  25  2:22  Pylon  
  25  2:25  Pylon  
  25  2:29  Robotics Facility  
  25  2:36  Nexus  
  25  2:45  Warp Gate  
  25  2:57  Mothership Core (Chrono Boost)  
  27  3:12  Gateway  
  27  3:13  Gateway  
  27  3:18  Gateway  
  27  3:22  Probe (Chrono Boost)  
  28  3:28  Observer  
  29  3:34  Probe (Chrono Boost)  
  30  3:41  Pylon  
  25  4:18  Probe (Chrono Boost)  
  25  4:19  Probe (Chrono Boost)  
  27  4:25  Gateway  
  27  4:26  Gateway  
  27  4:29  Probe x2 (Chrono Boost)  
  29  4:32  Gateway  
  29  4:33  Immortal  
  33  4:40  Probe x2 (Chrono Boost)  
  35  4:58  Zealot x3  
  35  4:59  Zealot  
  38  5:13  Observer  
  39  5:33  Warp Prism  
  41  5:35  Zealot x2  
  41  5:36  Zealot  
  41  5:38  Sentry x2  
  41  5:40  Sentry  
  53  5:57  Zealot  
  55  6:06  Pylon  
  55  6:24  Zealot x3  
  55  6:25  Zealot  
  63  6:47  Warp Prism  
  63  6:51  Zealot x3  
  61  6:58  Zealot  
  61  7:09  Zealot  
  63  7:24  Zealot  
  63  7:37  Pylon x2  
Show
View Real Time Build Order
Export as new Build Order

zidar Zerg 

Build Orders: Pool First 

Get SALT Encoding   

  12  0:01  Drone  
  13  0:12  Overlord  
  13  0:17  Drone  
  14  0:30  Drone x2  
  16  0:43  Spawning Pool  
  16  0:46  Drone  
  17  0:50  Drone  
  17  1:14  Hatchery  
  17  1:15  Drone  
  17  1:19  Extractor  
  17  1:20  Drone  
  17  1:31  Queen  
  19  1:36  Drone  
  20  1:43  Overlord  
  20  1:58  Drone  
  21  2:02  Drone x2  
  21  2:06  Queen  
  25  2:36  Zergling x8  
  28  2:38  Metabolic Boost  
  28  2:49  Drone x5  
  33  3:09  Roach Warren  
  33  3:10  Lair, Extractor  
  33  3:20  Drone x2  
  33  3:22  Drone x3  
  36  3:35  Overlord  
  36  3:36  Overlord x2  
  33  4:11  Zergling x20  
  42  4:30  Evolution Chamber  
  41  4:34  Evolution Chamber  
  41  4:35  Drone x4  
  44  4:40  Extractor  
  44  4:43  Extractor  
  44  4:44  Drone  
  43  5:13  Glial Reconstitution  
  43  5:19  Zerg Missile Weapons Level 1, Hydralisk Den  
  43  5:21  Zerg Melee Weapons Level 1  
  42  5:32  Drone x6  
  48  5:38  Drone x2  
  48  5:39  Drone x3  
  53  5:43  Roach  
  53  5:44  Roach x2  
  59  5:52  Overlord x2  
  59  6:14  Hydralisk x8  
  75  6:35  Overlord x3  
  29  7:11  Hydralisk x10  
Tags
 
Add a new tag
Caveats
  • Supply blocks, unpowered buildings, or Contaminate may cause inaccurate times.
  • Supply counts are checked every 10 seconds.